 Seeded DCSS version 0.29.1 (webtiles) character file.

Game seed: 8152474283383504264 (custom seed)

84 Iusername the Covered (level 4, -2/41 HPs)
             Began as a Minotaur Fighter on Sept 12, 2022.
             Slain by an orc priest
             ... wielding a +0 hand axe
              (4 damage)
             ... on level 3 of the Dungeon.
             The game lasted 00:02:08 (2362 turns).

Iusername the Covered (Minotaur Fighter)            Turns: 2362, Time: 00:02:08

Health: -2/41      AC:  7    Str: 23    XL:     4   Next: 23%
Magic:  3/3        EV:  9    Int:  5    God:
Gold:   136        SH:  4    Dex:  9    Spells: 3/3 levels left

rFire   . . .      SeeInvis .   a - +0 long sword
rCold   . . .      Faith    .   c - +0 buckler
rNeg    . . .      Spirit   .   b - +0 scale mail
rPois   .          Reflect  .   (helmet restricted)
rElec   .          Harm     .   (no cloak)
rCorr   .          Rampage  .   (no gloves)
Will    .....                   (no boots)
Stlth   ..........              (no amulet)
HPRegen 0.13/turn               (no ring)
MPRegen 0.08/turn               (no ring)

@: mighty, hasted, very quick
A: horns 2, retaliatory headbutt
a: no special abilities


You were on level 3 of the Dungeon.
You visited 1 branch of the dungeon, and saw 3 of its levels.

You collected 136 gold pieces.

Inventory:

Hand Weapons
 a - a +0 long sword (weapon)
Missiles
 o - 4 silver boomerangs (quivered)
Armour
 b - a +0 scale mail (worn)
 c - a +0 buckler (worn)
Jewellery
 h - a ring of resist corrosion
Scrolls
 e - 4 scrolls of identify {unknown}
 l - a scroll of fear {unknown}
 m - a scroll of teleportation
 n - a scroll of enchant armour {unknown}
 p - a scroll of silence {unknown}
 q - a scroll of acquirement {unknown}
 s - a scroll of fog {unknown}
Potions
 f - 2 potions of lignification {unknown}
 g - a potion of resistance {unknown}
 i - a potion of magic {unknown}
 j - a potion of heal wounds {unknown}
 k - a potion of curing {unknown}


   Skills:
 + Level 4.4 Fighting
 + Level 3.0 Long Blades
 + Level 4.6 Armour
 + Level 0.5 Dodging
 + Level 0.1 Stealth
 + Level 4.2 Shields


You had 3 spell levels left.
You didn't know any spells.
Your spell library contained the following spells:

 Spells                   Type           Power      Damage    Failure   Level
 Ozocubu's Armour         Ice            0%         N/A       99%         3
 Portal Projectile        Hex/Tloc       0%         N/A       99%         3
 Tukima's Dance           Hex            0%         N/A       99%         3
 Blade Hands              Tmut           0%         N/A       100%        5
 Ozocubu's Refrigeration  Ice            0%         4d7       100%        7


Dungeon Overview and Level Annotations

Branches:
Dungeon (3/15)

Altars:
Trog

Shops:
D:1 =*


Innate Abilities, Weirdness & Mutations

You have a pair of horns on your head.
You reflexively headbutt those who attack you in melee.


Message History

There are monsters nearby!
You closely miss the orc. Your headbutt misses the orc.
The orc is severely wounded.
The orc wizard gestures at you while chanting.
The magic dart hits you. You block the orc priest's attack.
The orc hits you with a +0 flail. The orc misses you.
The orc closely misses you. x2
The orc wizard hits you but does no damage.
The orc priest closely misses you.
There are monsters nearby!
You barely miss the orc.
The orc is severely wounded.
The orc wizard closely misses you.
The orc priest hits you with a +0 hand axe.
The orc hits you but does no damage. The orc hits you with a +0 flail.
Unknown command.
There are monsters nearby!
You hit the orc. You headbutt the orc.
You kill the orc!
The orc wizard barely misses you.
The orc priest invokes the aid of Beogh against you.
Beogh smites you!
Unknown command.
There are monsters nearby!
You are too injured to fight recklessly!
Unknown command.
You are too injured to fight recklessly!
There are monsters nearby!
You feel very mighty all of a sudden.
The orc wizard hits you with a +0 dagger.
* * * LOW HITPOINT WARNING * * *
The orc priest calls down the wrath of Beogh upon you.
Pain shoots through your body!
* * * LOW HITPOINT WARNING * * *
The orc misses you.
It was a potion of haste.
You feel yourself speed up. The orc hits you but does no damage.
The orc wizard hits you but does no damage.
The orc priest hits you with a +0 hand axe.
You die...

#.##.#...#.#####
........##.#
..##.#..##.#
#.#..##.### #
#.#.......#
#.##.#...###.###
#........# #...#
####.....###.#o#.#...
######.#.....@o......
...[..........oo......
............##########
#############


You could see an orc priest, an orc wizard and 2 orcs.

Vanquished Creatures
  2 adders (D:2)
  A worm (D:2)
  A dart slug (D:2)
  7 orcs (D:3)
  6 endoplasms
  2 giant cockroaches
  3 goblins
  3 hobgoblins
  6 jackals (D:1)
  A kobold (D:2)
  3 quokkas
  4 ball pythons (D:2)
  5 bats
  2 frilled lizards
  3 rats
49 creatures vanquished.

Notes
Turn   | Place    | Note
-------+----------+-------------------------------------------
     0 | D:1      | Iusername the Minotaur Fighter began the quest for the Orb.
     0 | D:1      | Reached XP level 1. HP: 19/19 MP: 0/0
   216 | D:1      | Reached XP level 2. HP: 27/27 MP: 1/1
   353 | D:1      | Found Xynneun's Jewellery Shop.
   452 | D:1      | Found Kahuilevi's General Store.
  1004 | D:2      | Reached XP level 3. HP: 24/33 MP: 2/2
  1127 | D:2      | Found a faded altar of an unknown god.
  1967 | D:2      | Identified the +0 robe of Unambiguity {rC+ Str+5 Int-3
                  | SInv}
  2158 | D:3      | Reached XP level 4. HP: 36/41 MP: 3/3
  2249 | D:3      | Found a bloodstained altar of Trog.
  2361 | D:3      | HP: 2/41 [orc priest/nerve-wracking pain (10)]
  2362 | D:3      | Slain by an orc priest

Illustrated notes

Levels and vault maps discovered:
D:1:      co_arrival_random_square_maze, layout_loops_ring, serial_shops, shop,
          nicolae_shop_behind_doors
D:2:      minmay_chambers_of_ones, layout_basic, basic_ecumenical_altar
D:3:      layout_loops_ring, mainiacjoe_overflow_alcove_1

Skill      XL: |  1  2  3  4 |
---------------+-------------+-----
Shields        | 4 |  4.2
Armour         | 4 |  4.6
Fighting       | 4 |  4.4
Long Blades    | 3 |  3.0
Dodging        | |  0.5
Stealth        | |  0.1

Action                   |  1- 3 |  4- 6 || total
-------------------------+-------+-------++-------
Melee: Long sword        |    97 |    20 ||   117
       Headbutt          |    20 |     2 ||    22
  Use: Scroll            |     1 |       ||     1
       Potion            |       |     2 ||     2
Armor: Scale mail        |    40 |    12 ||    52
Dodge: Dodged            |    50 |    15 ||    65
Block: Buckler           |    18 |     8 ||    26
